[Event "*** SCC Grand Prix: Titled Tuesday Blitz"]
[Site "Chess.com"]
[Date "2020.08.11"]
[Round "7"]
[White "GustavoJuarezF"]
[Black "dosto07"]
[Result "0-1"]
[WhiteElo "2034"]
[BlackElo "2294"]
[TimeControl "180+1"]
[EndTime "11:16:51 PDT"]
[Termination "dosto07 won on time"]

1. e4 e5 2. Nf3 Nc6 3. Nc3 Nf6 4. d4 exd4 5. Nxd4 Bb4 6. Nxc6 bxc6 7. Bd3 d5 8. exd5 O-O 9. O-O cxd5 10. Bg5 c6 11. Qf3 h6 12. Bh4 g5 13. Qg3 Bd6 14. f4 Nh5 15.
Qf3 Nxf4 16. Bg3 Rb8 17. Bxf4 Bxf4 18. g3 Be5 19. Rae1 Bd4+ 20. Kg2 Rxb2 21. Ne2 Bg7 22.
Bf5 Qf6 23. Qd3 Bxf5 24. Rxf5 Qe6 25. Ref1 Re8 26. R1f2 Qe4+ 27. Qxe4 Rxe4 28. Rxf7 Rxe2 0-1

[Event "*** SCC Grand Prix: Titled Tuesday Blitz"]
[Site "Chess.com"]
[Date "2020.08.11"]
[Round "7"]
[White "ChessWarrior7197"]
[Black "Alexsur1981"]
[Result "1-0"]
[WhiteElo "2913"]
[BlackElo "2602"]
[TimeControl "180+1"]
[EndTime "11:16:54 PDT"]
[Termination "ChessWarrior7197 won by resignation"]

1. e4 c5 2. Nf3 e6 3. g3 Nc6 4.
Bg2 d5 5. exd5 exd5 6. O-O Bg4 7. d4 Be7 8. dxc5 Bxc5 9. Nc3 Nge7 10. h3 Bh5 11. g4 Bg6 12. Nh4 d4 13. Nxg6 hxg6 14.
Ne4 Bb6 15. Bf4 Bc7 16. Qd2 O-O 17. Nc5 b6 18. Nd3 Bxf4 19. Qxf4 Rc8 20. Rfe1 Nd5 21.
Qd2 Qd6 22. a3 Na5 23. Re4 Nf6 24. Re2 Nc4 25. Qg5 Rfe8 26. Rae1 Rxe2 27. Rxe2 Na5 28. Qf4 Qxf4 29. Nxf4 Nc4 30. Nd3 g5 31. Re7 a5 32.
Rb7 Nd2 33. h4 Rxc2 34. hxg5 Nxg4 35. Bd5 Nc4 36. g6 Kf8 37. Rb8+ Ke7 38. gxf7 1-0

[Event "*** SCC Grand Prix: Titled Tuesday Blitz"]
[Site "Chess.com"]
[Date "2020.08.11"]
[Round "7"]
[White "Crazy_girl99"]
[Black "RobertoJBM"]
[Result "0-1"]
[WhiteElo "2499"]
[BlackElo "2709"]
[TimeControl "180+1"]
[EndTime "11:16:54 PDT"]
[Termination "RobertoJBM won by resignation"]

1. e4 c6 2. d4 d5 3. e5 Bf5 4. h4 c5 5. dxc5 Nc6 6. Bb5 Qa5+ 7.
Nc3 O-O-O 8. Bxc6 bxc6 9. Ne2 e6 10. Nd4 Qxc5 11. Be3 Qc4 12. g4 c5 13. gxf5 cxd4 14. Qxd4 Qxd4 15. Bxd4 a6 16. fxe6 fxe6 17. O-O-O Ne7 18.
Bb6 Rd7 19. Ne2 Nf5 20. Nf4 Rb7 21. Ba5 Kd7 22. c4 d4 23. Ne2 Bc5 24. a3 Rc8 25. Bc3 Ke7 26. Nxd4 Bxd4 27. Bxd4 Rxc4+ 28. Bc3 Nxh4 29. Kc2 g5 30. Rd4 Rxd4 31. Bxd4 Kf7 32. f4 h6 33. fxg5 hxg5 34. Be3 Kg6 35. Rg1 Nf3 36. Rg3 Rf7 37. b4 Kh5 38. a4 Kh4 39.
Rg2 Ne1+ 0-1

[Event "*** SCC Grand Prix: Titled Tuesday Blitz"]
[Site "Chess.com"]
[Date "2020.08.11"]
[Round "7"]
[White "The_Machine04"]
[Black "chenxiaoyuer"]
[Result "1-0"]
[WhiteElo "2271"]
[BlackElo "2446"]
[TimeControl "180+1"]
[EndTime "11:16:54 PDT"]
[Termination "The_Machine04 won by checkmate"]

1. d4 Nf6 2. Bg5 d5 3. e3 Ne4 4. Bf4 g5 5. Be5 f6 6. Qh5+ Kd7 7. f3 fxe5 8. fxe4 exd4 9. exd5 dxe3 10. Be2 h6 11. Nc3 Bg7 12. Bg4+ Kd6 13. Ne4+ Ke5 14. Nf3+ Kxe4 15. Qg6+ Kf4 16. Bxc8 Qxc8 17. Qxg7 Qf8 18.
Qe5+ Kg4 19. h4 Qf6 20. Qe4+ Qf4 21. Qe6+ Kg3 22. Qh3# 1-0

[Event "*** SCC Grand Prix: Titled Tuesday Blitz"]
[Site "Chess.com"]
[Date "2020.08.11"]
[Round "7"]
[White "GoltsevDmitry2000"]
[Black "killer311"]
[Result "1-0"]
[WhiteElo "2620"]
[BlackElo "2443"]
[TimeControl "180+1"]
[EndTime "11:16:55 PDT"]
[Termination "GoltsevDmitry2000 won by resignation"]

1. e4 c6 2. Nf3 d5 3. exd5 cxd5 4. b3 Nc6 5. Bb2 Nf6 6. Be2 Bf5 7. O-O e6 8. d3 Bd6 9. Nbd2 h6 10. h3 O-O 11.
Re1 Rc8 12. Nf1 Re8 13. Ne3 Bg6 14. c4 Bb4 15. Rf1 e5 16. a3 Bf8 17. b4 d4 18.
Nc2 Qd7 19. b5 Nd8 20. Nd2 Ne6 21. Nb3 Nf4 22. Re1 a6 23. a4 Qf5 24. Nc1 Qg5 25. Bf3 Nxh3+ 26. Kf1 Nf4 27. g3 Nxd3 28.
Nxd3 e4 29. Bc1 Qf5 30. Nxd4 Qd7 31. Nf4 exf3 32. Nxf3 Rxe1+ 33. Qxe1 Bd3+ 34. Nxd3 Qxd3+ 35. Kg2 Qxc4 36. Bf4 axb5 37. Rc1 Qe6 38. Qxe6 1-0

[Event "*** SCC Grand Prix: Titled Tuesday Blitz"]
[Site "Chess.com"]
[Date "2020.08.11"]
[Round "7"]
[White "WonderChampion"]
[Black "DACF2905"]
[Result "0-1"]
[WhiteElo "1982"]
[BlackElo "2226"]
[TimeControl "180+1"]
[EndTime "11:16:55 PDT"]
[Termination "DACF2905 won by checkmate"]

1. d4 Nf6 2. Bg5 Ne4 3. Bf4 d5 4. f3 Nf6 5. Nc3 c6 6. e4 e6 7. Bg5 Be7 8. e5 Nfd7 9. Bxe7 Qxe7 10. g3 a6 11. Bd3 c5 12. Be2 Nc6 13. dxc5 Ndxe5 14. f4 Nd7 15. Nf3 Qxc5 16. Na4 Qa7 17. Nc3 Nf6 18. Ne5 Nxe5 19. fxe5 Nd7 20. Bf3 Nxe5 21.
Bg2 Bd7 22. Qe2 Nc6 23. Nxd5 O-O 24. Ne3 Nd4 25. Qd3 Bc6 26. Bxc6 Nxc6 27. c3 Rad8 28. Qe2 Ne5 29. O-O Rd3 30. Rae1 Rfd8 31. Kh1 Rd2 32. Qh5 Ng6 33. Qh3 b5 34. Qg4 Rxb2 35. Qf3 Rdd2 36.
Ng4 h5 37. Rd1 hxg4 38. Qxg4 Rxh2# 0-1

[Event "*** SCC Grand Prix: Titled Tuesday Blitz"]
[Site "Chess.com"]
[Date "2020.08.11"]
[Round "7"]
[White "Tekushka"]
[Black "Fh2411"]
[Result "0-1"]
[WhiteElo "2354"]
[BlackElo "2567"]
[TimeControl "180+1"]
[EndTime "11:16:56 PDT"]
[Termination "Fh2411 won on time"]

1. e4 c5 2. Nf3 e6 3. d4 cxd4 4. Nxd4 a6 5. c4 Nf6 6. Nc3 Bb4 7. Qd3 Qc7 8. Be2 O-O 9. O-O Bxc3 10. bxc3 d6 11.
Nb3 Nbd7 12. Rd1 Ne5 13. Qd4 Nc6 14. Qe3 e5 15. Ba3 Rd8 16. c5 d5 17. exd5 Nxd5 18.
Qg3 Be6 19. c4 Nf4 20. Bf1 Rxd1 21. Rxd1 Re8 22. Rd6 Qe7 23. Bc1 Qf6 24. Nd2 Qf5 25.
Nf3 h6 26. Nxe5 Nh5 27. Qd3 Qxe5 0-1

[Event "*** SCC Grand Prix: Titled Tuesday Blitz"]
[Site "Chess.com"]
[Date "2020.08.11"]
[Round "7"]
[White "Ole83"]
[Black "StephenDedalus83"]
[Result "0-1"]
[WhiteElo "2352"]
[BlackElo "2772"]
[TimeControl "180+1"]
[EndTime "11:16:56 PDT"]
[Termination "StephenDedalus83 won on time"]

1. c4 g6 2. Nc3 Bg7 3. g3 d6 4.
Bg2 e5 5. e4 Nc6 6. Nge2 f5 7. d3 Nf6 8. O-O O-O 9. Nd5 Be6 10.
Bg5 Qd7 11. Qd2 Kh8 12. Rac1 Ng8 13. b4 Nd8 14. b5 Nf7 15. Be3 c6 16. bxc6 bxc6 17.
exf5 gxf5 18. Nb4 Rac8 19. d4 f4 20. gxf4 Bh3 21. dxe5 Bxg2 22. Kxg2 Qg4+ 23. Ng3 dxe5 24. f3 Qh4 25. fxe5 Nxe5 26. Bg5 Nxc4 27. Bxh4 Nxd2 28.
Rf2 Bh6 29. Rxc6 Nc4 30. Rxc8 Rxc8 31. Nd5 Rc5 32. Rc2 Rxd5 33. Rxc4 Rd2+ 34. Kh3 Rxa2 35. Rc7 Bf4 36. Rf7 Bd6 37. Rd7 Be5 38. Kg4 Nf6+ 39.
Kf5 Nxd7 0-1

[Event "*** SCC Grand Prix: Titled Tuesday Blitz"]
[Site "Chess.com"]
[Date "2020.08.11"]
[Round "7"]
[White "Chessbard1972"]
[Black "IngOscarArdila"]
[Result "0-1"]
[WhiteElo "2316"]
[BlackElo "2207"]
[TimeControl "180+1"]
[EndTime "11:16:56 PDT"]
[Termination "IngOscarArdila won by resignation"]

1. e4 e5 2. Nf3 Nf6 3. Nxe5 d6 4. Nf3 Nxe4 5. Nc3 Nf6 6. d4 Be7 7. Bd3 O-O 8. O-O Bg4 9. h3 Bh5 10. g4 Bg6 11. Bxg6 hxg6 12. Bf4 Nbd7 13. Re1 Re8 14.
Qd2 Nf8 15. Re2 Qd7 16. Bg3 Ne6 17. Rae1 Bf8 18. Kg2 c6 19. d5 Nc5 20. Qd4 Rxe2 21.
Rxe2 Re8 22. dxc6 bxc6 23. Rxe8 Nxe8 24. Ne4 Nxe4 25. Qxe4 d5 26. Qf4 Nf6 27. Ne5 Qe6 28. Nd3 Ne4 29. Qe3 Qd7 30. Ne5 Qb7 31. b3 Bc5 32.
Qf4 Bd6 33. Qe3 Nxg3 34. fxg3 Qe7 35. c4 Qxe5 36. Qxe5 Bxe5 37. cxd5 cxd5 38. Kf3 Kf8 39. h4 Ke7 40. g5 Ke6 41. g4 Bb2 42. h5 gxh5 43.
gxh5 Kf5 44. h6 gxh6 45. gxh6 Kg6 46. Kf4 Kxh6 47. b4 Kg6 48. a4 Kf6 49. b5 Ke6 50. a5 Bd4 51. Kf3 Ke5 52. Ke2 f5 53. b6 axb6 54. a6 b5 0-1

[Event "*** SCC Grand Prix: Titled Tuesday Blitz"]
[Site "Chess.com"]
[Date "2020.08.11"]
[Round "7"]
[White "VladimirBelous"]
[Black "Onischuk_V"]
[Result "1-0"]
[WhiteElo "2769"]
[BlackElo "2911"]
[TimeControl "180+1"]
[EndTime "11:16:57 PDT"]
[Termination "VladimirBelous won by resignation"]

1. Nf3 g6 2. d4 Bg7 3. c4 d6 4. Nc3 Nc6 5. e3 Nf6 6. d5 Nb8 7. Be2 O-O 8. O-O Nbd7 9. e4 Nc5 10. Qc2 a5 11. h3 e5 12. Bg5 h6 13. Bh4 Bd7 14. b3 Qe8 15. Bxf6 Bxf6 16. a3 Bg7 17. b4 axb4 18. axb4 Rxa1 19. Rxa1 Na6 20. Qb3 f5 21. c5 fxe4 22. Nxe4 Bf5 23. Nfd2 Qe7 24. c6 Nb8 25. cxb7 h5 26. Ra8 Bh6 27. b5 Nd7 28. Qc4 Nb8 29. Nf1 Rd8 30. Nfg3 h4 31. Nxf5 gxf5 32. Nc5 Qg5 33. Ne6 Qd2 34. Nxd8 1-0

[Event "*** SCC Grand Prix: Titled Tuesday Blitz"]
[Site "Chess.com"]
[Date "2020.08.11"]
[Round "7"]
[White "VishnuPrasanna"]
[Black "IriBu"]
[Result "1-0"]
[WhiteElo "2684"]
[BlackElo "2484"]
[TimeControl "180+1"]
[EndTime "11:16:58 PDT"]
[Termination "VishnuPrasanna won by checkmate"]

1. d4 Nf6 2. c4 e6 3. Nc3 c5 4. d5 g6 5. e4 d6 6. Nf3 Bg7 7. Bd3 O-O 8. O-O exd5 9. exd5 Bg4 10. h3 Bxf3 11. Qxf3 Nfd7 12. Qd1 Ne5 13. Be2 f5 14. f4 Nf7 15. Be3 Nd7 16. Qd2 Nf6 17. g4 Qd7 18. g5 Nh5 19. Kg2 Rae8 20. Rae1 Re7 21. Nd1 Rfe8 22. Bxh5 gxh5 23. Bf2 Re4 24. b3 Nh8 25.
Bg3 Ng6 26. Rxe4 Rxe4 27. Nf2 Rd4 28. Qe3 Qe7 29. Qxe7 Nxe7 30. Rd1 Kf7 31. Rxd4 Bxd4 32. Nd3 a6 33. Be1 b5 34. Ba5 Ke8 35. Kf3 Kd7 36.
Nc1 Ng6 37. Ne2 Bb2 38. Ng3 h4 39. Nxf5 Bc1 40. Kg4 b4 41. Nxh4 Nxf4 42. Nf5 Bd2 43. h4 Nd3 44. Kh5 Nc1 45. Kh6 Nxa2 46. Kxh7 Nc1 47. g6 Bc3 48. h5 Nxb3 49. h6 Nxa5 50. g7 Nxc4 51. g8=Q b3 52. Qb8 b2 53. Qb7+ Kd8 54. Ne7 Na5 55. Nc6+ Nxc6 56. dxc6 Ba5 57. Qd7# 1-0

[Event "*** SCC Grand Prix: Titled Tuesday Blitz"]
[Site "Chess.com"]
[Date "2020.08.11"]
[Round "7"]
[White "Koksik_13"]
[Black "OparinGrigoriy"]
[Result "1-0"]
[WhiteElo "2626"]
[BlackElo "2911"]
[TimeControl "180+1"]
[EndTime "11:16:59 PDT"]
[Termination "Koksik_13 won on time"]

1. d4 f5 2. g4 fxg4 3. e4 d5 4.
Nc3 dxe4 5. Nxe4 Nf6 6. Bg2 g6 7. c3 Bg7 8. Qb3 Nc6 9. Nc5 Na5 10. Qa4+ c6 11. b4 Nc4 12. Bxc6+ bxc6 13. Qxc6+ Bd7 14.
Nxd7 Nxd7 15. Qxc4 Rc8 16. Qb3 Qc7 17. Ne2 Qc6 18. Rg1 Nf6 19. Bg5 Ne4 20. Rxg4 Nxc3 21. Rc1 Qd7 22. Rf4 e5 23. dxe5 Bxe5 24. Rf3 h6 25. Re3 Qf5 26. Bf4 Nxe2 27. Rxe5+ 1-0

[Event "*** SCC Grand Prix: Titled Tuesday Blitz"]
[Site "Chess.com"]
[Date "2020.08.11"]
[Round "7"]
[White "Klavdia_Nik"]
[Black "Morshynska"]
[Result "0-1"]
[WhiteElo "2041"]
[BlackElo "2167"]
[TimeControl "180+1"]
[EndTime "11:17:01 PDT"]
[Termination "Morshynska won on time"]

1. Nf3 d5 2. c4 d4 3. g3 Nc6 4. Bg2 e5 5. d3 Nf6 6. O-O Be7 7. Na3 O-O 8. Nc2 h6 9. b4 Nxb4 10. Nxe5 c6 11. Nxb4 Bxb4 12. Qb3 Bc3 13. Rb1 Re8 14. Nf3 Rxe2 15. Bb2 Bxb2 16. Rxb2 Rxb2 17. Qxb2 c5 18. Re1 Qc7 19. Nd2 Rb8 20. Ne4 Nxe4 21. Bxe4 Be6 22.
f4 g6 23. Qf2 Qd7 24. Qf3 h5 0-1

[Event "*** SCC Grand Prix: Titled Tuesday Blitz"]
[Site "Chess.com"]
[Date "2020.08.11"]
[Round "7"]
[White "QuintilianoR"]
[Black "londonkid"]
[Result "1-0"]
[WhiteElo "2648"]
[BlackElo "2454"]
[TimeControl "180+1"]
[EndTime "11:17:02 PDT"]
[Termination "QuintilianoR won by checkmate"]

1. Nf3 Nf6 2. c4 e6 3. Nc3 b6 4.
e4 Bb7 5. Bd3 d6 6. Bc2 Nbd7 7.
d4 e5 8. d5 g6 9. O-O Bg7 10. h3 O-O 11. Be3 Ne8 12. b4 f5 13.
exf5 gxf5 14. Ng5 Qf6 15. Ne6 Rf7 16. f4 Nf8 17. fxe5 Qxe5 18. Bd4 Qg3 19. Bxf5 Rxf5 20. Rxf5 Nxe6 21. Bxg7 N6xg7 22. Rf3 Qe5 23. Qd2 Qe7 24. Re1 Qd7 25. Qg5 Qd8 26. Re7 h6 27. Qe3 Bc8 28. Rff7 Bf5 29. Ne4 Bxe4 30. Qxe4 Qxe7 31. Qxe7 a5 32. b5 a4 33. a3 Ra7 34.
Rf8+ Kh7 35. Qe4+ Nf5 36. Qxf5+ Kg7 37. Qf7# 1-0

[Event "*** SCC Grand Prix: Titled Tuesday Blitz"]
[Site "Chess.com"]
[Date "2020.08.11"]
[Round "7"]
[White "Aemulus20"]
[Black "Manukyan_Artak"]
[Result "0-1"]
[WhiteElo "2547"]
[BlackElo "2362"]
[TimeControl "180+1"]
[EndTime "11:17:02 PDT"]
[Termination "Manukyan_Artak won by resignation"]

1. e4 c6 2. d4 d5 3. Nc3 dxe4 4. Nxe4 Nf6 5. Nxf6+ exf6 6. c3 Bd6 7. Bd3 O-O 8.
Qc2 h5 9. Ne2 Qc7 10. Be3 c5 11. O-O-O c4 12. Bh7+ Kh8 13. Bf5 Nc6 14. Bxc8 Rfxc8 15. Qf5 b5 16. Qxh5+ Kg8 17. Qxb5 Ne7 18. g4 Rab8 19. Qa4 Qb7 20. Qc2 Qa6 21. Kb1 Rb5 22. Ka1 Ra5 23. Nc1 Nd5 24. h4 Nf4 25. Bxf4 Bxf4 26.
a3 Bxc1 27. Rxc1 Rb8 28. Rhe1 g6 29. Re2 Rb3 30. h5 Raxa3+ 31. bxa3 Qxa3+ 0-1

[Event "*** SCC Grand Prix: Titled Tuesday Blitz"]
[Site "Chess.com"]
[Date "2020.08.11"]
[Round "7"]
[White "Bulldog167"]
[Black "GM_dmitrij"]
[Result "0-1"]
[WhiteElo "2732"]
[BlackElo "2933"]
[TimeControl "180+1"]
[EndTime "11:17:03 PDT"]
[Termination "GM_dmitrij won by resignation"]

1. d4 Nf6 2. c4 g6 3. Nc3 Bg7 4.
e4 O-O 5. h3 d6 6. Be3 c5 7. Nf3 cxd4 8. Nxd4 b6 9. Qd2 Bb7 10. f3 Nbd7 11. h4 h5 12. Bh6 Rc8 13.
Bxg7 Kxg7 14. O-O-O Ne5 15. b3 a6 16. Kb2 Rc5 17. Be2 Qc7 18. Na4 Ra5 19. Qb4 Nfd7 20. g4 hxg4 21. h5 gxf3 22. hxg6 Nxg6 23. Nf5+ Rxf5 24. exf5 fxe2 25. fxg6 exd1=Q 26. Rxd1 fxg6 27. Rg1 Ne5 28. Ka1 b5 29. cxb5 axb5 30. Qxb5 Bc6 31. Qb6 Qxb6 32. Nxb6 Rb8 33. Na4 Bxa4 34. bxa4 Rb4 35. a5 Ra4 36. a6 Kf6 37. a7 Rxa7 38. a4 g5 39. a5 g4 40. a6 Rxa6+ 41. Kb2 Rc6 42. Ka2 Kg5 43. Ka1 Rc5 44. Ka2 Nf3 45. Kb3 Nxg1 0-1

[Event "*** SCC Grand Prix: Titled Tuesday Blitz"]
[Site "Chess.com"]
[Date "2020.08.11"]
[Round "7"]
[White "emiliocordova"]
[Black "PIwan"]
[Result "0-1"]
[WhiteElo "2819"]
[BlackElo "2522"]
[TimeControl "180+1"]
[EndTime "11:17:04 PDT"]
[Termination "PIwan won by resignation"]

1. d4 d5 2. Nf3 Nf6 3. g3 g6 4. Bg2 Bg7 5. O-O O-O 6. Nbd2 c6 7. Re1 Nbd7 8. c3 Re8 9. e4 dxe4 10. Nxe4 Nxe4 11.
Rxe4 e5 12. dxe5 Nxe5 13. Qxd8 Nxf3+ 14. Bxf3 Rxd8 15. Bg5 Bf5 16. Re7 Rd7 17. Rae1 f6 18. Rxd7 Bxd7 19. Re7 Rd8 20. Be3 Bf8 21. Re4 Bf5 22.
Rd4 Re8 23. g4 Be6 24. b4 Kf7 25. a3 a6 26. h3 Be7 27. a4 f5 28. Kg2 Bf6 29.
Rd3 fxg4 30. hxg4 Bc4 31. Rd7+ Re7 32. Rd8 Rxe3 0-1

[Event "*** SCC Grand Prix: Titled Tuesday Blitz"]
[Site "Chess.com"]
[Date "2020.08.11"]
[Round "7"]
[White "vova-79"]
[Black "pavelalexandru07"]
[Result "1-0"]
[WhiteElo "2460"]
[BlackElo "2221"]
[TimeControl "180+1"]
[EndTime "11:17:05 PDT"]
[Termination "vova-79 won by checkmate"]

1. d4 Nf6 2. c4 c5 3. Nf3 cxd4 4. Nxd4 a6 5. b3 d5 6. cxd5 Nxd5 7. g3 e5 8. Nc2 Nc6 9. Bg2 Be6 10. O-O Be7 11. Ne3 Nxe3 12. Bxe3 Qc7 13. Nd2 O-O 14. Qc2 Rac8 15. Rfd1 Qb8 16. Qb2 Rfd8 17. Bb6 Rd7 18. Nc4 Rxd1+ 19. Rxd1 f6 20. e3 Bd8 21. Bxd8 Rxd8 22. Rxd8+ Nxd8 23. Qd2 Qc7 24. Qb4 Bxc4 25. bxc4 b6 26. Bd5+ Nf7 27. Qa4 a5 28. Qe8# 1-0

[Event "*** SCC Grand Prix: Titled Tuesday Blitz"]
[Site "Chess.com"]
[Date "2020.08.11"]
[Round "7"]
[White "maxip32"]
[Black "ahachess"]
[Result "0-1"]
[WhiteElo "2455"]
[BlackElo "2305"]
[TimeControl "180+1"]
[EndTime "11:17:07 PDT"]
[Termination "ahachess won by resignation"]

1. e4 c6 2. d4 d5 3. f3 dxe4 4. fxe4 e5 5. Nf3 Be6 6. c3 Nf6 7. Bd3 Nbd7 8. O-O Bd6 9. Ng5 Nf8 10. Nxe6 Nxe6 11. Be3 Qe7 12. Nd2 Rd8 13. Qf3 Bc7 14.
Nb3 Bb6 15. Rad1 exd4 16. cxd4 Nxd4 17. Nxd4 Bxd4 18. Bxd4 Rxd4 19. e5 Nd5 20. e6 Rf4 21. exf7+ Rxf7 22. Qh5 Nf6 23. Qh3 O-O 24. Kh1 Qb4 25.
a3 Qxb2 26. Rxf6 gxf6 27. Bc4 Qc2 28. Rf1 0-1

[Event "*** SCC Grand Prix: Titled Tuesday Blitz"]
[Site "Chess.com"]
[Date "2020.08.11"]
[Round "7"]
[White "Sophist4Life"]
[Black "ketster"]
[Result "1-0"]
[WhiteElo "2509"]
[BlackElo "2372"]
[TimeControl "180+1"]
[EndTime "11:17:08 PDT"]
[Termination "Sophist4Life won on time"]

1. d4 Nf6 2. c4 e6 3. Nc3 Bb4 4. e3 O-O 5. Ne2 d5 6. a3 Bd6 7.
c5 Be7 8. b4 b6 9. Bb2 a5 10. Nf4 c6 11. Bd3 Ba6 12. O-O Bxd3 13.
Nxd3 Nbd7 14. b5 bxc5 15. bxc6 cxd4 16. Nb5 Nb6 17. Bxd4 Nc4 18. a4 Qc8 19. c7 Nd7 20. f4 Qb7 21. Rb1 Qc6 22. Rc1 Qb7 23. e4 Ndb6 24.
Qg4 e5 25. fxe5 dxe4 26. Nf4 g6 27. h4 Nd2 28. Nd6 Bxd6 29. exd6 Nxf1 30. Rxf1 Nd5 31. Nh5 Qb4 32. Qxe4 gxh5 33. Qxd5 1-0

[Event "*** SCC Grand Prix: Titled Tuesday Blitz"]
[Site "Chess.com"]
[Date "2020.08.11"]
[Round "7"]
[White "ehrenfeld"]
[Black "attack2mateU"]
[Result "1-0"]
[WhiteElo "2566"]
[BlackElo "2707"]
[TimeControl "180+1"]
[EndTime "11:17:09 PDT"]
[Termination "ehrenfeld won by resignation"]

1. e4 c5 2. d3 Nc6 3. f4 g6 4.
Nf3 Bg7 5. Be2 d5 6. O-O e6 7. c3 Nge7 8. Na3 O-O 9. e5 d4 10. Nc4 b5 11. Nd6 Ba6 12. a4 b4 13. c4 Qc7 14.
Ne4 Na5 15. g4 Bb7 16. Nfd2 f6 17. exf6 Bxf6 18. Bf3 Bh4 19. Nb3 Nxb3 20. Qxb3 e5 21. fxe5 Qxe5 22. Bh6 Rxf3 23. Rxf3 Bxe4 24. dxe4 Qxe4 25.
Raf1 Qxg4+ 26. Kh1 Nf5 27. Rxf5 gxf5 28. Rg1 Re8 29.
Rxg4+ fxg4 30. Bd2 Re2 31. Qd3 Rf2 32. Kg1 Kf7 33.
Qe4 Rxd2 34. Qf4+ Kg6 35. Qxd2 1-0

[Event "*** SCC Grand Prix: Titled Tuesday Blitz"]
[Site "Chess.com"]
[Date "2020.08.11"]
[Round "7"]
[White "abhidabhi"]
[Black "Chess_Boxer123"]
[Result "1-0"]
[WhiteElo "2790"]
[BlackElo "2587"]
[TimeControl "180+1"]
[EndTime "11:17:11 PDT"]
[Termination "abhidabhi won by resignation"]

1. e4 c6 2. Nf3 d5 3. Nc3 Bg4 4. h3 Bxf3 5. Qxf3 e6 6. d4 Nf6 7. e5 Nfd7 8. Ne2 f6 9. exf6 Qxf6 10. Qg3 Na6 11. Bf4 Nb4 12. O-O-O Nxa2+ 13. Kb1 Nb4 14. Qb3 a5 15. Qe3 Be7 16. Be5 Nxe5 17. dxe5 Qg6 18. Qd2 O-O 19. f4 c5 20. g4 a4 21. f5 exf5 22. Nf4 Qb6 23. c3 Nc6 24. Nxd5 Qb3 25.
Ne3 b5 26. Bg2 Rad8 27. Bd5+ Kh8 28. Bxb3 Rxd2 29. Rxd2 axb3 30. Nxf5 Bg5 31. Rd5 c4 32. Rxb5 g6 33. Nd6 Rf2 34. e6 Kg7 1-0

[Event "*** SCC Grand Prix: Titled Tuesday Blitz"]
[Site "Chess.com"]
[Date "2020.08.11"]
[Round "7"]
[White "Mr_Sinigami"]
[Black "chigorin28"]
[Result "0-1"]
[WhiteElo "2588"]
[BlackElo "2432"]
[TimeControl "180+1"]
[EndTime "11:17:11 PDT"]
[Termination "chigorin28 won by resignation"]

1. d4 Nf6 2. Nf3 d6 3. Bf4 g6 4. e3 Bg7 5. h3 O-O 6. Be2 c6 7. O-O Nbd7 8. a4 Nh5 9. Bh2 a5 10.
c4 Re8 11. Nc3 e5 12. dxe5 dxe5 13. Nd2 Nhf6 14. Nde4 Qe7 15. Qd6 Nxe4 16. Nxe4 f5 17. Qxe7 Rxe7 18. Nd6 Nc5 19. Nxc8 Rxc8 20. Rfd1 Rd7 21.
Rxd7 Nxd7 22. Bg3 Kf7 23. f3 Nc5 24. Be1 Ra8 25. Kf2 Ke6 26. g4 Bf6 27. Bc3 f4 28. exf4 exf4 29. Bxf6 Kxf6 30. Rd1 Ke5 31. h4 h6 32. Bf1 Nxa4 33. Rd7 Nxb2 34. Rxb7 Nd1+ 35. Ke1 Ne3 36. Bd3 a4 37. Kd2 a3 38. Rb1 g5 39. hxg5 hxg5 40. Kc3 a2 41. Ra1 Ra3+ 42. Kd2 Kd4 43. Be4 Nxc4+ 44. Ke2 Kc3 45. Bxc6 Kb2 0-1

[Event "*** SCC Grand Prix: Titled Tuesday Blitz"]
[Site "Chess.com"]
[Date "2020.08.11"]
[Round "7"]
[White "Noam_Vitenberg"]
[Black "MasterSonnevanck23"]
[Result "1-0"]
[WhiteElo "2503"]
[BlackElo "2354"]
[TimeControl "180+1"]
[EndTime "11:17:11 PDT"]
[Termination "Noam_Vitenberg won by resignation"]

1. d4 Nf6 2. c4 e6 3. Nf3 d5 4.
Nc3 a6 5. cxd5 exd5 6. Qb3 b5 7.
Bg5 Be6 8. e3 Nbd7 9. Qc2 Bd6 10. Bd3 h6 11. Bh4 O-O 12. O-O Rc8 13. Rfd1 c5 14.
dxc5 Rxc5 15. Qd2 b4 16. Ne2 Qb6 17. Ned4 Bb8 18. Qe2 a5 19. Rac1 Ne4 20. Nxe6 Qxe6 21. Nd4 Qb6 22. Nf5 Ne5 23. Rxc5 Qxc5 24. Be7 Qc7 25. Bxe4 dxe4 26. Bd6 Qd7 27. Nxh6+ gxh6 28. Bxf8 Nd3 29. Bxh6 Qf5 30. h3 Kh7 31. Bf8 Qe5 32. g3 Qxb2 33. Qxb2 Nxb2 34. Rd5 Na4 35. Rxa5 Nc3 36.
Bxb4 Ne2+ 37. Kf1 1-0

[Event "*** SCC Grand Prix: Titled Tuesday Blitz"]
[Site "Chess.com"]
[Date "2020.08.11"]
[Round "7"]
[White "kakarot_001"]
[Black "volcanoexplorer"]
[Result "1-0"]
[WhiteElo "2821"]
[BlackElo "2631"]
[TimeControl "180+1"]
[EndTime "11:17:12 PDT"]
[Termination "kakarot_001 won by checkmate"]

1. d4 Nf6 2. Nf3 e6 3. g3 d5 4.
Bg2 Bb4+ 5. c3 Bd6 6. O-O O-O 7.
Nbd2 c5 8. dxc5 Bxc5 9. b4 Bb6 10. Bb2 Nc6 11. a3 a5 12. Qb3 a4 13. Qa2 e5 14.
c4 e4 15. Nh4 e3 16. c5 Bc7 17. fxe3 Ng4 18. Bxd5 Nxe3 19. Rxf7 Rxf7 20. Bxf7+ Kh8 21. Ndf3 Bg4 22. Be6 Bxf3 23. Nxf3 Qe7 24. Bh3 Nc2 25. Rf1 Qxe2 26. Rf2 Qd1+ 27. Bf1 Ne3 28. Qf7 Rg8 29. Ng5 Ne5 30. Qh5 Qb1 31. Bxe5 Re8 32. Qxe8# 1-0

[Event "*** SCC Grand Prix: Titled Tuesday Blitz"]
[Site "Chess.com"]
[Date "2020.08.11"]
[Round "7"]
[White "BJthechessgod"]
[Black "Sn00pPawn"]
[Result "0-1"]
[WhiteElo "2222"]
[BlackElo "2018"]
[TimeControl "180+1"]
[EndTime "11:17:13 PDT"]
[Termination "Sn00pPawn won by checkmate"]

1. e4 c5 2. Nf3 d6 3. c3 Nf6 4. Be2 Nbd7 5. d3 b6 6. O-O Bb7 7. Nbd2 g6 8. Re1 Bg7 9. Nf1 O-O 10. Be3 d5 11. e5 Ng4 12. d4 Nxe3 13. Nxe3 e6 14. Qd2 Qc8 15. Ng4 h5 16. Ne3 Ba6 17. Bxa6 Qxa6 18. Ng5 Bh6 19. f4 Rfc8 20. g4 Bxg5 21.
fxg5 h4 22. Qf2 Rc7 23. Qxh4 cxd4 24. Qh6 Rac8 25. cxd4 Qb5 26. Ng2 Qb4 27. Re3 Qc4 28. Rh3 Qxd4+ 29. Kh1 Rc1+ 30. Ne1 Qe4+ 31. Kg1 Rxe1+ 32.
Rxe1 Qxe1+ 33. Kg2 Rc2+ 34. Kf3 Qf2# 0-1

[Event "*** SCC Grand Prix: Titled Tuesday Blitz"]
[Site "Chess.com"]
[Date "2020.08.11"]
[Round "7"]
[White "Kavyev_Ruslan"]
[Black "esrosenberg"]
[Result "1-0"]
[WhiteElo "2455"]
[BlackElo "2185"]
[TimeControl "180+1"]
[EndTime "11:17:14 PDT"]
[Termination "Kavyev_Ruslan won on time"]

1. d4 Nf6 2. c4 e6 3. g3 d5 4. Nf3 Be7 5. Bg2 O-O 6. Nc3 dxc4 7. Ne5 Nc6 8. Bxc6 bxc6 9. Nxc6 Qe8 10. Nxe7+ Qxe7 11. Qa4 Bb7 12. O-O e5 13. dxe5 Qxe5 14. Qxc4 c5 15. Bf4 Qh5 16. f3 Qh3 17. e4 a5 18. Rfd1 h5 19. Qxc5 h4 20. Qf2 hxg3 21. hxg3 a4 22. a3 Ra5 23. Qg2 Qe6 24. g4 Rc8 25.
Rd2 Rac5 26. Rad1 g6 27. Qh2 Nh5 28. gxh5 Rxh5 29. Qg3 Qb6+ 30. Kg2 Kg7 31. Be5+ f6 32. Rd7+ Kh6 33. Bf4+ g5 34. R7d6 Qxb2+ 35. Bd2 1-0

[Event "*** SCC Grand Prix: Titled Tuesday Blitz"]
[Site "Chess.com"]
[Date "2020.08.11"]
[Round "7"]
[White "abykhovsky"]
[Black "hansen"]
[Result "1-0"]
[WhiteElo "2765"]
[BlackElo "2920"]
[TimeControl "180+1"]
[EndTime "11:17:15 PDT"]
[Termination "abykhovsky won on time"]

1. d4 Nf6 2. Nf3 d5 3. c4 e6 4. Nc3 c6 5. Bg5 Nbd7 6. e3 h6 7. Bh4 Be7 8. Qc2 O-O 9. Rd1 b6 10. a3 Bb7 11. Bd3 c5 12. O-O cxd4 13. Nxd4 Ne5 14. Bxf6 Bxf6 15. cxd5 Nxd3 16. Rxd3 Ba6 17. Ndb5 Bxc3 18. dxe6 Qf6 19. exf7+ Rxf7 20. Nxc3 Bxd3 21.
Qxd3 Rd8 22. Nd5 Qe5 23. e4 g5 24. h3 Kg7 25. b3 Qb2 26. a4 Rc8 27. Ne3 Qe5 28.
Nf5+ Kh7 29. Rd1 Re8 30. f3 Rc7 31. Qd6 Qe6 32. Qxc7+ 1-0